 Dungeon Crawl Stone Soup version 0.22.0-38-g04b72b8 (webtiles) character file.

3247 leisz the Geomancer (level 9, -3/55 HPs)
             Began as a Gargoyle Earth Elementalist on Aug 27, 2018.
             Was a Believer of Ashenzari.
             Slain by a two-headed ogre
             ... wielding a +0 giant club
              (11 damage)
             ... on level 8 of the Dungeon.
             The game lasted 00:21:52 (6239 turns).

leisz the Geomancer (Gargoyle Earth Elementalist)   Turns: 6239, Time: 00:21:53

Health: -3/55      AC: 14    Str: 14    XL:     9   Next: 99%
Magic:  16/17      EV: 11    Int: 20    God:    Ashenzari [**....]
Gold:   451        SH:  0    Dex: 10    Spells: 15/19 levels left

rFire    . . .     SeeInvis .   a - +3 flail (protect)
rCold    . . .     Gourm    .   (no shield)
rNeg     + . .     Faith    .   e - +0 ring mail
rPois    ∞         Spirit   .   (no helmet)
rElec    +         Reflect  .   x - +0 cloak
rCorr    .         Harm     .   (no gloves)
MR       .....                  (no boots)
Stlth    +.........             u - amulet of the acrobat
HPRegen  0.18/turn              z - +3 ring of intelligence
MPRegen  0.15/turn              M - ring of wizardry

@: no status effects
A: negative energy resistance 1, electricity resistance, unbreathing,
petrification resistance, rot immunity, AC +6
a: Curse Item, Scrying, Renounce Religion


You were on level 8 of the Dungeon.
You worshipped Ashenzari.
Ashenzari was pleased with you.
You were not hungry.

You visited 1 branch of the dungeon, and saw 8 of its levels.

You collected 451 gold pieces.

Inventory:

Hand Weapons
 a - a +3 flail of protection (weapon)
 b - a +0 hunting sling
 m - a +0 short sword
 C - a +0 mace
 O - a +0 mace of holy wrath
Missiles
 f - 42 sling bullets
 g - 173 stones (quivered)
 y - 8 tomahawks of returning
 P - 3 throwing nets
Armour
 c - a +0 robe
 e - a +0 ring mail (worn)
 x - a +0 cloak (worn)
 G - a +0 chain mail
 K - a +0 plate armour
Jewellery
 n - a +3 ring of intelligence
 u - an amulet of the acrobat (around neck)
 z - a +3 ring of intelligence (left hand)
 J - an uncursed amulet of magic regeneration
 M - a ring of wizardry (right hand)
Wands
 r - a wand of acid (10)
 B - a wand of scattershot (3)
 R - a wand of iceblast (6)
 S - a wand of flame (22)
Scrolls
 i - 4 scrolls of teleportation
 p - a scroll of fear {unknown}
 q - 7 scrolls of remove curse
 t - 2 scrolls of fog {unknown}
 v - 2 scrolls of magic mapping {unknown}
 w - 3 scrolls of enchant weapon {unknown}
 A - 4 scrolls of immolation {unknown}
 F - 2 scrolls of random uselessness {unknown}
 H - 3 scrolls of enchant armour {unknown}
 I - 2 scrolls of amnesia {unknown}
 L - 5 scrolls of identify
Potions
 h - 4 potions of curing
 j - a potion of lignification {unknown}
 k - 2 potions of heal wounds
 l - 2 potions of magic {unknown}
 o - 2 potions of haste {unknown}
 s - a potion of berserk rage {unknown}
 D - 2 potions of ambrosia {unknown}
 E - a potion of resistance {unknown}
 Q - a potion of degeneration {unknown}
Comestibles
 d - 9 rations
 N - 4 chunks of flesh


   Skills:
 + Level 6.3 Fighting
 + Level 3.9 Maces & Flails
 + Level 6.0 Armour
 - Level 2.2 Dodging
 - Level 3.1 Stealth
 + Level 5.9 Spellcasting
 + Level 4.7 Conjurations
   Level 0.7 Transmutations
 + Level 8.1 Earth Magic


You had 15 spell levels left.
You knew the following spells:

 Your Spells              Type           Power        Failure   Level  Hunger
a - Sandblast             Erth           #####.       1%          1    None
b - Stone Arrow           Conj/Erth      ####..       1%          3    ##.....

Your spell library contained the following spells:

 Spells                   Type           Power        Failure   Level  Hunger
 Passwall                 Tmut/Erth      ###.....     1%          2    None
 Lee's Rapid Deconstruct  Erth           #####.....   8%          5    #####..
 Petrify                  Tmut/Erth      ###.....     13%         4    ####...


Dungeon Overview and Level Annotations

Branches:
Dungeon (8/15)             Temple (0/1) D:5
   Lair: D:8-11

Altars:
Ashenzari
Zin


Innate Abilities, Weirdness & Mutations

You are resistant to torment.
Your stone body is resilient. (AC +6)
You are immune to poison.
You resist negative energy. (rN+)
You are resistant to electric shocks. (rElec)
You can survive without breathing.
You are immune to petrification.
You are immune to rotting.


Message History

The two-headed ogre is almost dead.
The two-headed ogre hits you but does no damage.
The two-headed ogre barely misses you.
You barely miss the two-headed ogre.
The two-headed ogre is almost dead.
The two-headed ogre hits you with a giant club!
* * * LOW HITPOINT WARNING * * *
The two-headed ogre hits you with a giant club.
* * * LOW HITPOINT WARNING * * *
Found a stone staircase leading down.
Casting: Sandblast (safe; 1% risk of failure)
Confirm with . or Enter, or press ? or * to list all spells.
Aiming: Sandblast (safe; 1% risk of failure)
Press: ? - help, Shift-Dir - straight line, f/p - two-headed ogre
Aim: a two-headed ogre, wielding two giant clubs (severely wounded)
The blast of sand hits the two-headed ogre.
The two-headed ogre is severely wounded.
g - 173 stones The two-headed ogre hits you with a giant club!
You die...

, ...
#...####....#### * ,
* #..## ##..## .....#
* #...##....# ......#
*
,#.>..#...#,..##...#
* , , ###.####...###
....# * , * #.# #.##
#... #.# *.....* #..
* * , *#O# * .... ##.
** #@#**# ##..# ## *
#....#... #..# ### *
#..#...#..##..####..
##.##..##*#....#.....
* .##.# #..#
#....###. *....#*#..#
##..####. ....##.##
##....... ..#...#.#
#.((.(.). ** #..#.##
##.#####..


You could see a two-headed ogre.

Vanquished Creatures
  Harold (D:7)
  Joseph (D:7)
  A hippogriff (D:7)
  A sky beast (D:5)
  3 ice beasts
  A phantom (D:8)
  2 centaurs
  2 ogres
  A big kobold (D:5)
  3 bullfrogs
  A scorpion (D:7)
  4 killer bees (D:7)
  2 howler monkeys (D:8)
  A crimson imp (D:7)
  2 orc priests
  2 hounds
  3 jellies
  A bullfrog skeleton (D:8)
  A centaur skeleton (D:8)
  An iguana (D:4)
  4 orc wizards
  5 worker ants
  A worker ant zombie (D:7)
  5 adders
  7 gnolls
  2 oozes
  2 adder zombies
  2 adder skeletons (D:4)
  2 worms (D:3)
  A dart slug (D:1)
  4 leopard geckos
  11 orcs
  2 ball pythons
  4 giant cockroaches
  5 goblins
  2 hobgoblins (D:2)
  7 jackals
  A quokka (D:8)
  4 bats
  5 frilled lizards
  8 kobolds
  3 rats
121 creatures vanquished.

Vanquished Creatures (others)
  An orc wizard (D:7)
  An orc (D:7)
2 creatures vanquished.

Grand Total: 123 creatures vanquished

Notes
Turn   | Place    | Note
-------+----------+-------------------------------------------
     0 | D:1      | leisz the Gargoyle Earth Elementalist began the quest for the Orb.
     0 | D:1      | Reached XP level 1. HP: 10/10 MP: 3/3
   280 | D:1      | Reached XP level 2. HP: 15/15 MP: 5/5
   790 | D:2      | Reached skill level 4 in Earth Magic
   790 | D:2      | Reached XP level 3. HP: 19/19 MP: 6/6
   941 | D:2      | Found a shattered altar of Ashenzari.
   968 | D:2      | Became a worshipper of Ashenzari the Shackled
  1627 | D:3      | Reached XP level 4. HP: 24/24 MP: 4/7
  2215 | D:4      | Reached skill level 1 in Fighting
  2215 | D:4      | Reached skill level 1 in Armour
  2215 | D:4      | Reached XP level 5. HP: 19/29 MP: 3/9
  2482 | D:4      | Reached * piety under Ashenzari
  2650 | D:4      | Noticed an ogre
  2655 | D:4      | Killed an ogre
  2655 | D:4      | Reached skill level 5 in Earth Magic
  2658 | D:4      | Reached XP level 6. HP: 34/35 MP: 4/10
  2693 | D:4      | Learned a level 3 spell: Stone Arrow
  2939 | D:5      | Entered Level 5 of the Dungeon
  3141 | D:5      | Found a staircase to the Ecumenical Temple.
  3535 | D:6      | Noticed a sky beast
  3548 | D:5      | Killed a sky beast
  3548 | D:5      | Reached XP level 7. HP: 28/40 MP: 8/12
  3865 | D:6      | Found a glowing silver altar of Zin.
  3914 | D:6      | Reached skill level 6 in Earth Magic
  4236 | D:6      | Reached skill level 1 in Conjurations
  4387 | D:7      | Reached XP level 8. HP: 33/48 MP: 7/14
  4485 | D:7      | Noticed Harold
  4689 | D:7      | Killed Harold
  4689 | D:7      | Reached skill level 5 in Fighting
  4689 | D:7      | Reached skill level 5 in Spellcasting
  4689 | D:7      | Reached skill level 7 in Earth Magic
  4869 | D:7      | Reached XP level 9. HP: 52/54 MP: 13/16
  4889 | D:7      | Found a shattered altar of Ashenzari.
  4972 | D:7      | Reached skill level 5 in Armour
  5667 | D:7      | Noticed Joseph
  5691 | D:7      | Killed Joseph
  6027 | D:8      | Reached skill level 8 in Earth Magic
  6081 | D:8      | Reached ** piety under Ashenzari
  6183 | D:8      | Noticed a two-headed ogre
  6239 | D:8      | Slain by a two-headed ogre

Skill      XL: |  1  2  3  4  5  6  7  8  9 |
---------------+----------------------------+-----
Earth Magic    | 4 5 6 7 8 |  8.1
Dodging        | 2 |  2.2
Stealth        | 3 |  3.1
Fighting       | 1 2 3 5 6 |  6.3
Armour         | 1 2 3 4 6 |  6.0
Spellcasting   | 3 4 5 |  5.9
Conjurations   | 1 3 4 |  4.7
Maces & Flails | 2 3 |  3.9
Transmutations | |  0.7

Action                   |  1- 3 |  4- 6 |  7- 9 || total
-------------------------+-------+-------+-------++-------
Melee: Flail             |       |       |   131 ||   131
 Fire: Hunting sling     |    41 |    63 |    38 ||   142
Throw: Stone             |     1 |       |    13 ||    14
 Cast: Sandblast         |    16 |    45 |    97 ||   158
       Stone Arrow       |       |       |     1 ||     1
  Use: Scroll            |       |     2 |     2 ||     4
  Eat: Ration            |     1 |     1 |     1 ||     3
       Chunk             |     1 |       |     5 ||     6
Armor: Ring mail         |     5 |    18 |   122 ||   145
Dodge: Dodged            |    22 |    18 |   141 ||   181
